 Dungeon Crawl Stone Soup version 0.21.1-1-g345015f (webtiles) character file.

156 zishaf the Skirmisher (level 5, 0/42 HPs)
             Began as a Demonspawn Assassin on May 12, 2018.
             Killed from afar by an orc wizard (10 damage)
             ... with a puff of flame
             ... on level 3 of the Dungeon.
             The game lasted 00:06:24 (1857 turns).

zishaf the Skirmisher (Demonspawn Assassin)         Turns: 1857, Time: 00:06:25

Health: 0/42       AC: 11    Str: 13    XL:     5   Next: 15%
Magic:  5/5        EV:  3    Int: 12    God:
Gold:   119        SH:  0    Dex: 14    Spells: 4/4 levels left

rFire    . . .     SeeInvis .   a - +2 dagger
rCold    . . .     Gourm    .   (no shield)
rNeg     . . .     Faith    +   s - +0 plate armour
rPois    .         Spirit   .   (helmet restricted)
rElec    .         Reflect  .   d - +0 cloak
rCorr    .         Harm     .   (no gloves)
MR       .....                  (no boots)
Stlth    ..........             o - amulet of faith
HPRegen  0.14/turn              (no ring)
MPRegen  0.09/turn              (no ring)

@: confused
A: horns 1, rot immunity
a: no special abilities


You were on level 3 of the Dungeon.
You were not hungry.

You visited 1 branch of the dungeon, and saw 3 of its levels.

You collected 119 gold pieces.

Inventory:

Hand Weapons
 a - a +2 dagger (weapon)
 b - a +0 blowgun
 c - a +3 whip
Missiles
 e - 2 poisoned needles
 f - 2 curare-tipped needles
Armour
 d - a +0 cloak (worn)
 s - a +0 plate armour (worn)
Jewellery
 o - an amulet of faith (around neck)
Scrolls
 h - a scroll of amnesia {unknown}
 k - 2 scrolls of enchant armour {unknown}
 l - 3 scrolls of remove curse
 q - a scroll of teleportation {unknown}
 t - a scroll of enchant weapon {unknown}
Potions
 i - a potion of haste
 j - a potion of ambrosia
 m - 2 potions of heal wounds {unknown}
 p - 2 potions of curing {unknown}
 u - a potion of lignification {unknown}
 v - a potion of might
Comestibles
 g - 7 rations
 n - 13 chunks of flesh


   Skills:
 - Level 4.1 Fighting
 - Level 1.7 Short Blades
 + Level 2.6 Maces & Flails
 - Level 2.0 Throwing
 - Level 0.8 Dodging
 - Level 3.6 Stealth


You had 4 spell levels left.
You didn't know any spells.

Dungeon Overview and Level Annotations

Branches:
Dungeon (3/15)

Altars:


Innate Abilities, Weirdness & Mutations

You have a pair of small horns on your head.
You are immune to rotting.


Message History

The orc wizard barely misses you.
You miss the orc wizard.
The orc wizard is heavily wounded.
The orc wizard hits you but does no damage.
You closely miss the orc wizard.
The orc wizard is heavily wounded.
The orc wizard hits you but does no damage.
You bump into the rock wall.
The orc wizard hits you but does no damage.
You miss the orc wizard. Your headbutt misses the orc wizard.
The orc wizard is heavily wounded.
You bump into the rock wall.
The orc wizard looks more healthy.
The orc wizard hits you but does no damage.
You bump into the rock wall.
The orc wizard hits you but does no damage.
You hit the orc wizard.
The orc wizard is almost dead.
The orc wizard casts a spell at you. The puff of flame hits you!
You die...

##.## ....### #.##. ##...##
##...######.... ##.....##
#...........((. #.......##
#.......####.r. #........#
#.......# #{## #...<....##
#.......# #.## #..†......##
#.......# ##.##
#.#........########)......# #...#
#.##............@o((...(..###r#.#
#.####.....#########.....##...#..
#.# ##...## #......((##### #.#
##.## #.....##...# #.# #.#
#.....####.# #.######.# #######
..$ #........# ### ##########


You could see an orc wizard.

Vanquished Creatures
  An orc wizard (D:3)
  Terence (D:2)
  3 adders
  2 worms
  3 dart slugs (D:1)
  2 leopard geckos
  An orc (D:3)
  3 ball pythons
  4 giant cockroaches
  A goblin (D:3)
  6 hobgoblins
  8 jackals
  10 kobolds
  6 bats
  5 frilled lizards
  7 rats
63 creatures vanquished.

Notes
Turn   | Place    | Note
-------+----------+-------------------------------------------
     0 | D:1      | zishaf the Demonspawn Assassin began the quest for the Orb.
     0 | D:1      | Reached XP level 1. HP: 16/16 MP: 1/1
   131 | D:1      | Gained mutation: You have a pair of small horns on your head. [demonic ancestry]
   131 | D:1      | Reached XP level 2. HP: 23/23 MP: 2/2
   205 | D:1      | Reached skill level 3 in Fighting
   385 | D:1      | Gained mutation: You are immune to rotting. [demonic ancestry]
   385 | D:1      | Reached XP level 3. HP: 29/29 MP: 3/3
   698 | D:2      | Noticed Terence
   849 | D:2      | Killed Terence
   849 | D:2      | Reached skill level 4 in Fighting
  1103 | D:2      | Reached XP level 4. HP: 37/37 MP: 4/4
  1185 | D:2      | Reached skill level 1 in Maces & Flails
  1846 | D:3      | Reached XP level 5. HP: 17/42 MP: 5/5
  1857 | D:3      | Killed from afar by an orc wizard

Skill      XL: |  1  2  3  4 |
---------------+-------------+-----
Throwing       | 2 |  2.0
Fighting       | 3 4 |  4.1
Maces & Flails | 2 |  2.6
Short Blades   | |  1.7
Dodging        | |  0.8
Stealth        | |  3.6

Action                   |  1- 3 |  4- 6 || total
-------------------------+-------+-------++-------
Melee: Dagger            |    82 |     4 ||    86
       Headbutt          |     9 |    10 ||    19
       Whip              |     3 |    77 ||    80
 Fire: Blowgun           |       |    18 ||    18
  Use: Scroll            |       |     4 ||     4
 Stab: Sleeping          |     9 |       ||     9
  Eat: Chunk             |     1 |     2 ||     3
Armor: Robe              |    20 |       ||    20
       Plate armour      |     4 |    89 ||    93
Dodge: Dodged            |    50 |    21 ||    71
